 Dungeon Crawl Stone Soup version 0.14-a0-848-g57a047c (webtiles) character file.

133 4tharraofdagon the Cudgeler (level 5, 3/54 HPs)
             Began as an Ogre Berserker on Nov 14, 2013.
             Was a Believer of Trog.
             Quit the game on Level 7 of the Dungeon.
             The game lasted 00:02:35 (625 turns).

4tharraofdagon the Cudgeler (Ogre Berserker)         Turns: 625, Time: 00:02:35

HP   3/54        AC  2     Str 23      XL: 5   Next:  2%
MP   4/4         EV 10     Int  6      God: Trog [**....]
Gold 15          SH  0     Dex  9      Spells:  0 memorised,  4 levels left

Res.Fire  : . . .   See Invis. : .   h - +0 flail
Res.Cold  : . . .   Warding    : .   b - -1 animal skin
Life Prot.: . . .   Conserve   : .   (shield restricted)
Res.Poison: .       Res.Corr.  : .   (helmet restricted)
Res.Elec. : .       Clarity    : .   (no cloak)
Sust.Abil.: . .     Spirit.Shd : .   (gloves unavailable)
Res.Mut.  : .       Stasis     : .   (boots unavailable)
Res.Rott. : .       Flight     : .   (no amulet)
Saprovore : + . .                    (no ring)
                                     e - ring of sustenance

@: regenerating, exhausted, slowed, very slow, very resistant to hostile
enchantments, very unstealthy
A: unfitting armour, fast metabolism 1, saprovore 1, tough skin 1
a: Burn Spellbooks, Berserk, Trog's Hand, Renounce Religion


You were on level 7 of the Dungeon.
You worshipped Trog.
Trog was pleased with you.
You were starving.

You visited 1 branch of the dungeon, and saw 7 of its levels.

You collected 15 gold pieces.

Inventory:

Hand weapons
 a - a +0,-1 mace
 h - a +0,+0 flail (weapon)
Missiles
 i - a throwing net (quivered)
Armour
 b - a -1 animal skin (worn)
Magical devices
 n - a wand of draining (7)
Comestibles
 c - a meat ration
Scrolls
 d - a scroll of identify {unknown}
 f - a scroll of enchant weapon II {unknown}
 m - a scroll of blinking {unknown}
Jewellery
 e - a ring of sustenance (left hand)
Potions
 g - a potion of brilliance {unknown}
 j - a potion of resistance {unknown}
 l - a potion of curing {unknown}


   Skills:
 - Level 4.0 Fighting
 + Level 7.3 Maces & Flails
 - Level 2.9 Dodging


You had 4 spell levels left.
You didn't know any spells.

Dungeon Overview and Level Annotations

Branches:
Dungeon (7/16)                Orc (0/4) D:7
 Temple: D:4-7

Altars:
Makhleb


Innate Abilities, Weirdness & Mutations

You are too large for most types of armour.
You have a fast metabolism.
You can tolerate rotten meat.
You have tough skin (AC +1).


Message History

You finish eating.
That meat ration really hit the spot!
Evoke which item? (* to show all) (? for menu, Esc to quit)
Zapping:
n - a long bone wand
Press: ? - help, Shift-Dir - straight line, f - hungry ghost
Aim: a hungry ghost (lightly damaged)
The bolt of negative energy hits the hungry ghost.
The hungry ghost completely resists.
The hungry ghost is lightly damaged.
n - a wand of draining {zapped: 1} The hungry ghost hits you.
* * * LOW HITPOINT WARNING * * *
You feel somewhat more hungry. The hungry ghost hits you.
* * * LOW HITPOINT WARNING * * *
You are starving!
Unknown command.
Eat which item? (? for menu, Esc to quit)
Okay, then.
Drink which item? (? for menu, Esc to quit)
Okay, then.
Are you sure you want to abandon this character and quit the game? (Confirm with "yes".)

... ......
5......
#.......
#......>.
#..>.....
#........
#.........
#@p.......
#.........#
#.........#
#.........#
#.........#
#.........#
#.........#
#.........#
#.........#


You could see a hungry ghost and a crimson imp.

Vanquished Creatures
  A jelly (D:5)
  A crimson imp (D:5)
  An adder (D:4)
  A giant mite (D:5)
  An ooze (D:1)
  A giant cockroach (D:2)
  3 goblins (D:1)
  3 hobgoblins
  2 jackals (D:2)
  5 kobolds
  A giant newt skeleton (D:4)
  A quokka skeleton (D:5)
  A rat (D:5)
22 creatures vanquished.

Notes
Turn   | Place    | Note
--------------------------------------------------------------
     0 | D:1      | 4tharraofdagon, the Ogre Berserker, began the quest for the Orb.
     0 | D:1      | Reached XP level 1. HP: 23/23 MP: 0/0
     0 | D:1      | timbw: dodge*
    69 | D:1      | Paralysed by a potion of paralysis for 7 turns
    82 | D:1      | Reached XP level 2. HP: 22/32 MP: 1/1
    92 | D:2      | 4tharraofdagon: lets brute
   143 | D:2      | Reached skill level 5 in Maces & Flails
   146 | D:2      | timbw: trog loves gifting speed/vamp GSC
   210 | D:4      | Reached XP level 3. HP: 23/39 MP: 2/2
   256 | D:4      | Found a burning altar of Makhleb.
   298 | D:5      | Entered Level 5 of the Dungeon
   367 | D:5      | Acquired Trog's second power
   367 | D:5      | Reached skill level 6 in Maces & Flails
   367 | D:5      | Reached XP level 4. HP: 48/48 MP: 3/3
   421 | D:5      | Reached skill level 7 in Maces & Flails
   421 | D:5      | Reached XP level 5. HP: 34/54 MP: 4/4
   598 | D:7      | Noticed a hungry ghost
   602 | D:7      | Found a staircase to the Orcish Mines.
   613 | D:7      | thx
   625 | D:7      | Quit the game

Action                   |  1- 3 |  4- 6 || total
-------------------------+-------+-------++-------
Melee: Mace              |    53 |     6 ||    59
       Flail             |    13 |     7 ||    20
Invok: Berserk           |     1 |     2 ||     3
       Trog's Hand       |       |     1 ||     1
Evoke: Wand              |       |     1 ||     1
  Use: Potion            |     1 |       ||     1
